[Event "1st 4NCL International U2050"]
[Site "Telford"]
[Date "2018.10.31"]
[Round "1"]
[White "De Coverly, Roger D"]
[Black "Zdanowski, Adrian"]
[Result "1-0"]
[ECO "B07"]
[WhiteElo "1946"]
[BlackElo "1845"]
[Annotator "NA RC"]
[PlyCount "99"]
[EventDate "2018.10.31"]
[EventType "swiss"]
[EventCountry "GBR"]
[SourceTitle "playchess.com"]
[Source "ChessBase"]
[SourceQuality "1"]
[TimeControl "5400+30"]

1. e4 d6 2. d4 Nf6 3. Nc3 g6 4. Be3 a6 5. f4 {[%emt 0:00:33] B07: Pirc-Ufimzew-Verteidigung} (5. h3 Bg7 6. Nf3 O-O 7. a4 Nc6 8. Be2 e6 9. O-O b6 10. d5 exd5 11. exd5 Ne7 12. Bc4 Bb7 13. Qd2 Nf5 14. Bf4 Qd7 15. Rfe1 Rfe8 16. Rxe8+ Rxe8 17. Re1 Rxe1+ 18. Qxe1 {½-½ (63) Caruana,F (2799)-Grischuk,A (2782) Saint Louis 2017}) 5... Bg7 6. Nf3 O-O 7. Bd3 b5 8. e5 Ng4 9. Bg1 {[%emt 0:01:48] LiveBook: 3 Partien} c5 $146 ({Vorgänger:} 9... c6 10. h3 Nh6 11. g4 dxe5 12. dxe5 Qa5 13. Qd2 {1-0 (67) Hracek,Z (2631)-Manolache,M (2546) Aix les Bains 2011}) 10. dxc5 Bb7 11. cxd6 exd6 12. h3 Nh6 13. Be4 Bxe4 14. Nxe4 dxe5 15. Qxd8 Rxd8 16. fxe5 Nc6 17. Bh2 $11 Re8 18. O-O Nxe5 19. Nxe5 Bxe5 20. Nf6+ Bxf6 21. Rxf6 Re2 22. Rf2 Rae8 23. Bf4 Nf5 24. Rd1 R8e4 25. Bg5 Kg7 26. g4 Rxf2 27. Kxf2 h6 28. Bd2 Ne7 29. Bc3+ Kh7 30. Rd8 Ng8 31. Kf3 Re6 32. Rd7 Re7 33. Rd6 Re6 34. Rxe6 fxe6 35. Ke4 g5 36. Ke5 Kg6 37. Kxe6 h5 38. b3 hxg4 39. hxg4 Nh6 40. Be1 Nxg4 41. c4 bxc4 42. bxc4 Nf6 43. c5 Ne4 44. c6 Nc5+ 45. Kd5 Nd3 46. c7 Nxe1 47. c8=Q Nf3 48. Qxa6+ Kf5 49. Qf1 g4 50. a4 1-0

[Event "1st 4NCL International U2050"]
[Site "Telford"]
[Date "2018.10.31"]
[Round "1"]
[White "Benson, Paul J"]
[Black "Neatherway, A Philip"]
[Result "1/2-1/2"]
[ECO "B43"]
[WhiteElo "1912"]
[BlackElo "1813"]
[Annotator "NA RC"]
[PlyCount "35"]
[EventDate "2018.10.31"]
[EventType "swiss"]
[EventCountry "GBR"]
[SourceTitle "playchess.com"]
[Source "ChessBase"]
[SourceQuality "1"]
[TimeControl "5400+30"]

1. e4 c5 2. Nf3 e6 3. d4 cxd4 4. Nxd4 a6 5. Be2 Nf6 6. Nc3 Qc7 7. Qd3 Nc6 $14 {[%emt 0:03:02] LiveBook: 3 Games} 8. Nxc6 dxc6 9. O-O e5 10. Kh1 Be7 11. f4 Be6 12. fxe5 Qxe5 13. Bf4 Qa5 14. e5 Nd5 15. Nxd5 Bxd5 16. c4 Be6 17. a3 O-O 18. b4 1/2-1/2

[Event "1st 4NCL International U2050"]
[Site "Telford"]
[Date "2018.10.31"]
[Round "1"]
[White "Truman, Richard G"]
[Black "Ward, Andy"]
[Result "0-1"]
[ECO "C06"]
[WhiteElo "1902"]
[BlackElo "1790"]
[Annotator "NA RC"]
[PlyCount "64"]
[EventDate "2018.10.31"]
[EventType "swiss"]
[EventCountry "GBR"]
[SourceTitle "playchess.com"]
[Source "ChessBase"]
[SourceQuality "1"]
[TimeControl "5400+30"]

1. d4 e6 2. e4 d5 3. Nd2 Nf6 4. e5 Nfd7 5. Bd3 c5 6. c3 Nc6 7. Ne2 cxd4 8. cxd4 f6 9. exf6 Nxf6 10. Nf3 Bd6 11. Bg5 O-O 12. O-O Qc7 13. Bh4 Bd7 14. Rc1 Be8 15. Bg3 Bh5 16. Ne5 Bxe5 $14 {[%emt 0:04:06] LiveBook: 5 Games} 17. Bxe5 Qf7 18. Qd2 Bg6 19. f3 Bxd3 20. Qxd3 Nd7 21. f4 Qf5 22. Rc3 Ndxe5 23. dxe5 Qxd3 24. Rxd3 Rac8 25. Rc1 Kf7 26. Rdc3 Ke7 27. Rh3 Nd4 28. Rxc8 Nxe2+ 29. Kf1 Rxc8 30. Kxe2 Rc2+ 31. Kd3 Rxb2 32. Rxh7 Rxg2 0-1

[Event "1st 4NCL International U2050"]
[Site "Telford"]
[Date "2018.10.31"]
[Round "1"]
[White "Hughes, Peter"]
[Black "Burgoyne, Peter A"]
[Result "1/2-1/2"]
[ECO "A58"]
[WhiteElo "1874"]
[BlackElo "1665"]
[Annotator "NA RC"]
[PlyCount "79"]
[EventDate "2018.10.31"]
[EventType "swiss"]
[EventCountry "GBR"]
[SourceTitle "playchess.com"]
[Source "ChessBase"]
[SourceQuality "1"]
[TimeControl "5400+30"]

1. d4 Nf6 2. c4 c5 3. d5 b5 4. cxb5 a6 5. Nc3 g6 6. bxa6 Bxa6 7. Nf3 Bg7 8. g3 O-O 9. Bg2 d6 10. O-O Nbd7 11. Rb1 Nb6 12. b3 Qc7 13. Bb2 Rfb8 14. Re1 Nbd7 $16 15. Ba1 Qa5 16. Qc2 Ng4 17. h3 Nge5 18. Nxe5 Nxe5 19. f4 Nd7 20. Ne4 Bxa1 21. Rxa1 Rc8 22. Qc3 Qb6 23. Kh2 Rab8 24. Rab1 Qb4 25. Bf3 c4 26. Qxb4 Rxb4 27. bxc4 Rbxc4 28. Rb2 Ra4 29. Kg2 Rcc4 30. Nd2 Rc3 31. Nb1 Rc5 32. Nd2 Rca5 33. Ra1 Nc5 34. Kf2 Ra3 35. Ne4 Nxe4+ 36. Bxe4 Bc4 37. Rb7 Rxa2 38. Rxa2 Rxa2 39. Bf3 e6 40. dxe6 1/2-1/2

[Event "1st 4NCL International U2050"]
[Site "Telford"]
[Date "2018.10.31"]
[Round "1"]
[White "Bryant, Richard Be"]
[Black "Parry, Jacques"]
[Result "1-0"]
[ECO "B02"]
[WhiteElo "1856"]
[BlackElo "1625"]
[Annotator "NA RC"]
[PlyCount "75"]
[EventDate "2018.10.31"]
[EventType "swiss"]
[EventCountry "GBR"]
[SourceTitle "playchess.com"]
[Source "ChessBase"]
[SourceQuality "1"]
[TimeControl "5400+30"]

1. e4 Nf6 2. e5 Nd5 3. c4 Nb6 4. c5 Nd5 5. Nc3 c6 6. d4 Nxc3 7. bxc3 d6 8. cxd6 exd6 9. Nf3 dxe5 10. Nxe5 Bd6 11. Nc4 Be7 12. Be2 O-O 13. O-O Nd7 14. Qc2 Nf6 15. Rd1 Bg4 16. f3 Be6 $11 17. Rb1 Qc7 18. g3 Nh5 19. f4 Nf6 20. f5 Bxc4 21. Bxc4 b6 22. Bf1 Rad8 23. c4 Rd7 24. Rb3 Rfd8 25. Rbd3 b5 26. Bg2 bxc4 27. Qxc4 Nd5 28. a3 Bf6 29. Kh1 Re8 30. Bd2 Rc8 31. Rc1 Qb6 32. Bxd5 Rxd5 33. Qxd5 cxd5 34. Rxc8+ Bd8 35. Rb3 Qf6 36. Rbb8 Kf8 37. Rxd8+ Ke7 38. Bb4+ 1-0

[Event "1st 4NCL International U2050"]
[Site "Telford"]
[Date "2018.10.31"]
[Round "1"]
[White "Wilson, Matthew R"]
[Black "Whitehead, Mark A"]
[Result "1/2-1/2"]
[ECO "A05"]
[WhiteElo "1820"]
[BlackElo "1945"]
[Annotator "NA RC"]
[PlyCount "54"]
[EventDate "2018.10.31"]
[EventType "swiss"]
[EventCountry "GBR"]
[SourceTitle "playchess.com"]
[Source "ChessBase"]
[SourceQuality "1"]
[TimeControl "5400+30"]

1. Nf3 Nf6 2. b3 d6 3. Bb2 e5 4. e3 c6 5. c4 Bg4 6. h3 Bh5 7. Be2 Nbd7 8. d3 Be7 9. Nc3 O-O 10. g4 Bg6 11. g5 Ne8 $1 12. h4 $11 f6 13. h5 Bf5 14. e4 Be6 15. g6 h6 16. Nh4 f5 17. Nxf5 Bxf5 18. exf5 Rxf5 19. Bg4 Rf8 20. Be6+ Kh8 21. Qg4 Nc5 22. O-O-O Bg5+ 23. Kb1 Rf4 24. Qh3 Rh4 25. Qf5 Rf4 26. Qh3 Rh4 27. Qf5 Rf4 1/2-1/2

[Event "1st 4NCL International U2050"]
[Site "Telford"]
[Date "2018.10.31"]
[Round "1"]
[White "Gogia, Armaan"]
[Black "Wynarczyk, Raymond"]
[Result "0-1"]
[ECO "C41"]
[WhiteElo "1808"]
[BlackElo "1908"]
[Annotator "NA RC"]
[PlyCount "94"]
[EventDate "2018.10.31"]
[EventType "swiss"]
[EventCountry "GBR"]
[SourceTitle "playchess.com"]
[Source "ChessBase"]
[SourceQuality "1"]
[TimeControl "5400+30"]

1. e4 e5 2. Nf3 d6 3. d4 exd4 4. Nxd4 Nf6 5. Nc3 Be7 6. Be2 O-O 7. O-O c5 8. Nb3 Nc6 9. Bf4 a6 10. a4 Be6 11. f3 Ne5 12. Nxc5 $2 (12. Be3 $11 {and White has nothing to worry.}) 12... Qb6 13. b4 dxc5 14. a5 $19 Qd6 15. Qxd6 Bxd6 16. Rad1 cxb4 17. Rxd6 Ng6 18. Bd2 bxc3 19. Bxc3 Rfd8 20. Rb6 Nf4 21. Re1 Nxe2+ 22. Rxe2 Rd7 23. Rd2 Rxd2 24. Bxd2 Rc8 25. Rxb7 Rxc2 26. Rb6 h6 27. Bxh6 gxh6 28. Rxa6 Nd7 29. Ra8+ Kg7 30. a6 Ra2 31. a7 Kf6 32. Rh8 Rxa7 33. Rxh6+ Kg7 34. Rh5 Ra2 35. Rb5 Rc2 36. h3 Nc5 37. Kh2 Nd3 38. Rb1 Nf4 39. Kg3 Ne2+ 40. Kh2 Kf6 41. Rb5 Nd4 42. Rb1 Nxf3+ 43. Kg3 Nd2 44. Re1 Ke5 45. Re2 Nxe4+ 46. Kf3 Rxe2 47. Kxe2 Kd4 0-1

[Event "1st 4NCL International U2050"]
[Site "Telford"]
[Date "2018.10.31"]
[Round "1"]
[White "Potter, Steven"]
[Black "Gostelow, David W"]
[Result "0-1"]
[ECO "D00"]
[WhiteElo "1771"]
[BlackElo "1892"]
[Annotator "NA RC"]
[PlyCount "68"]
[EventDate "2018.10.31"]
[EventType "swiss"]
[EventCountry "GBR"]
[SourceTitle "playchess.com"]
[Source "ChessBase"]
[SourceQuality "1"]
[TimeControl "5400+30"]

1. d4 d5 2. Bg5 h6 3. Bh4 Nd7 4. Nf3 Ngf6 5. e3 e6 6. a3 Bd6 7. Nbd2 O-O 8. c4 b6 9. cxd5 exd5 10. Bb5 c5 11. O-O Qc7 12. Rc1 Bb7 13. Bg3 Bxg3 14. hxg3 a6 15. Bxd7 Nxd7 16. Nh4 $11 Nf6 17. Qc2 Rac8 18. Qf5 Qe7 19. dxc5 bxc5 20. Nhf3 Rfe8 21. g4 Rc6 22. g5 Ne4 23. Qxd5 Rd6 24. Qf5 Nxd2 25. Nxd2 Rxd2 26. gxh6 Rd5 27. h7+ Kh8 28. Qh3 Rg5 29. g3 Rg6 30. Rc4 Be4 31. f3 Bd3 32. Rc3 Qxe3+ 33. Rf2 Qe1+ 34. Kg2 Rh6 0-1

[Event "1st 4NCL International U2050"]
[Site "Telford"]
[Date "2018.10.31"]
[Round "1"]
[White "Wiltshir, Rich"]
[Black "Fallowfield, Nicholas"]
[Result "1-0"]
[ECO "A06"]
[WhiteElo "1673"]
[BlackElo "1883"]
[Annotator "NA RC"]
[PlyCount "95"]
[EventDate "2018.10.31"]
[EventType "swiss"]
[EventCountry "GBR"]
[SourceTitle "playchess.com"]
[Source "ChessBase"]
[SourceQuality "1"]
[TimeControl "5400+30"]

1. Nc3 Nf6 2. Nf3 d5 3. e3 Bg4 4. b3 e6 5. Bb2 Be7 6. h3 Bh5 7. Be2 O-O 8. O-O c5 9. d4 Nc6 10. Ne5 Bxe2 11. Nxe2 Rc8 12. c4 cxd4 13. Nxc6 Rxc6 14. Nxd4 Rc8 15. cxd5 Qxd5 16. Qe2 Qe4 17. Rac1 Nd5 18. Rc4 Nb6 19. Nc6 Nxc4 20. Nxe7+ Kh8 21. Nxc8 Nxb2 22. Nd6 Qd3 23. Nxf7+ $16 ({Worse is} 23. Qxb2 Qxd6 24. Rc1 Kg8 $11) 23... Rxf7 24. Qxb2 h6 25. Qe5 Qa6 26. a4 Qb6 27. Rb1 Qc6 28. Qb2 Rc7 29. Rd1 Qe4 30. Rd4 Qf5 31. Rf4 Qg6 32. Qd4 Qb1+ 33. Kh2 Qc2 34. Qd8+ Kh7 35. Rf8 Qc6 36. Rh8+ Kg6 37. Qd3+ Kf7 38. Qd4 Rc8 39. Qf4+ Ke7 40. Qh4+ Kd7 41. Qd4+ Kc7 42. Qxg7+ Kb6 43. Qd4+ Ka6 44. Rxh6 b6 45. Qd3+ Kb7 46. Rh7+ Kb8 47. Qa6 Qd6+ 48. g3 1-0

[Event "1st 4NCL International U2050"]
[Site "Telford"]
[Date "2018.10.31"]
[Round "1"]
[White "Murphy, Ross"]
[Black "Ali, Golam S"]
[Result "1-0"]
[ECO "D02"]
[WhiteElo "1652"]
[BlackElo "1859"]
[Annotator "NA RC"]
[PlyCount "93"]
[EventDate "2018.10.31"]
[EventType "swiss"]
[EventCountry "GBR"]
[SourceTitle "playchess.com"]
[Source "ChessBase"]
[SourceQuality "1"]
[TimeControl "5400+30"]

1. Nf3 c5 2. g3 Nc6 3. d4 d5 4. Bg2 cxd4 5. Nxd4 e5 6. Nxc6 bxc6 7. O-O Bc5 8. c4 e4 9. cxd5 cxd5 10. Qc2 Qe7 $18 (10... Qb6 $16) 11. Nc3 Bb7 12. Qa4+ Kf8 13. Bf4 g5 14. Be3 Nh6 15. Bxc5 Qxc5 16. Rac1 Qb6 17. Qa3+ Ke8 18. Na4 Qd8 19. Qc3 f6 20. Qb4 Rb8 21. Qd4 Ng4 22. Qxa7 Ne5 23. Nc5 Nc6 24. Qa4 Ra8 25. Qb3 Na5 26. Qd1 Bc8 27. Qd4 Nc6 28. Qc3 Rxa2 29. Nxe4 dxe4 30. Qxc6+ Kf7 31. Rfd1 Qe7 32. Qb6 Ra6 33. Qb5 Rd6 34. Rxd6 Qxd6 35. Bxe4 Be6 36. Qb7+ Bd7 37. Rc7 Rd8 38. Bf5 Qd1+ 39. Kg2 Ke8 40. Bxd7+ Rxd7 41. Rxd7 Qd4 42. Rd6 Qxd6 43. Qd7+ {[%emt 0:01:01] Qd1 Qb7} Qxd7 {[%emt 0:01:06] Qxd7+ [%clk 00:25:29] [%emt 00:00:06] Kxd7 [%clk 00:02:00] [%emt 00:00:05]} 44. Kf3 f5 45. Ke3 {[%emt 0:00:00] Kc6 [%clk 00:02:48] [%emt 00:00:07] Kd4 [%clk 00:26:32] [%emt 00:00:12] Kd6 [%clk 00:03:01] [%emt 00:00:17] f3 [%clk 00:26:41] [%emt 00:00:20]} h5 {[%emt 0:00:00] e4 [%clk 00:26:57] [%emt 00:00:14]} 46. g4 fxg4 {[%emt 0:00:00] fxg4 [%clk 00:02:43] [%emt 00:00:44]} 47. b4 1-0

[Event "1st 4NCL International U2050"]
[Site "Telford"]
[Date "2018.10.31"]
[Round "1"]
[White "Chung, Ethan Cj"]
[Black "Walley, A Clive"]
[Result "1-0"]
[ECO "B22"]
[WhiteElo "1577"]
[BlackElo "1846"]
[Annotator "NA RC"]
[PlyCount "79"]
[EventDate "2018.10.31"]
[EventType "swiss"]
[EventCountry "GBR"]
[SourceTitle "playchess.com"]
[Source "ChessBase"]
[SourceQuality "1"]
[TimeControl "5400+30"]

1. e4 c5 2. d4 cxd4 3. c3 Nf6 4. e5 Nd5 5. cxd4 d6 6. Bc4 Nb6 7. Bb3 g6 8. Qf3 d5 9. Nc3 Be6 10. Nge2 Nc6 11. Be3 Na5 12. Bc2 Nac4 13. b3 (13. Nf4 $16) 13... Nxe3 14. fxe3 $14 Qd7 15. Bd3 a6 16. O-O Bg7 17. h3 O-O 18. Nf4 Rad8 19. Nce2 Bf5 20. Bxf5 Qxf5 21. g4 Qd7 22. Ng3 e6 23. h4 Rc8 24. g5 Rc2 25. h5 Rfc8 26. h6 Bf8 27. Nfh5 gxh5 28. Nxh5 Qe7 29. Nf6+ Kh8 30. Qh5 R8c7 31. Kh1 Qd8 32. Rg1 Qc8 33. Nxh7 Kxh7 34. g6+ Kg8 35. h7+ Kh8 36. Qg5 Bg7 37. Raf1 fxg6 38. Qxg6 Qd7 39. Rf8+ Bxf8 40. Qg8# 1-0

[Event "1st 4NCL International U2050"]
[Site "Telford"]
[Date "2018.11.01"]
[Round "2"]
[White "Whitehead, Mark A"]
[Black "Chung, Ethan Cj"]
[Result "1/2-1/2"]
[ECO "A00"]
[WhiteElo "1945"]
[BlackElo "1577"]
[Annotator "NA"]
[PlyCount "64"]
[EventDate "2018.10.31"]
[EventType "swiss"]
[EventCountry "GBR"]
[SourceTitle "playchess.com"]
[Source "ChessBase"]
[SourceQuality "1"]
[TimeControl "5400+30"]

1. e4 d5 2. Nc3 d4 3. Nce2 e5 4. Nf3 Bd6 5. Ng3 Nc6 6. Bc4 h6 7. a3 Nf6 8. h3 Qe7 9. d3 Bd7 10. Bd2 O-O-O 11. b4 Nb8 12. Qb1 g6 13. Qb3 Rh7 14. b5 c6 15. a4 Re8 16. Rb1 c5 17. a5 Be6 18. Bxe6+ Qxe6 19. Qxe6+ Rxe6 20. c4 Nbd7 21. O-O Bc7 22. Rfe1 Ne8 23. h4 Nd6 24. h5 g5 25. Nh2 Nf6 26. f3 Nde8 27. Kf2 Ng7 28. Ng4 Nxg4+ 29. fxg4 Re8 30. Nf5 Nxf5 31. gxf5 Bd8 32. g4 f6 1/2-1/2

[Event "1st 4NCL International U2050"]
[Site "Telford"]
[Date "2018.11.01"]
[Round "2"]
[White "Wynarczyk, Raymond"]
[Black "Wiltshir, Rich"]
[Result "1-0"]
[ECO "A00"]
[WhiteElo "1908"]
[BlackElo "1673"]
[Annotator "NA"]
[PlyCount "39"]
[EventDate "2018.10.31"]
[EventType "swiss"]
[EventCountry "GBR"]
[SourceTitle "playchess.com"]
[Source "ChessBase"]
[SourceQuality "1"]
[TimeControl "5400+30"]

1. e4 b6 2. d4 Bb7 3. Bd3 Nf6 4. Nc3 h6 5. Nf3 e6 6. Qe2 Be7 7. O-O O-O 8. e5 Nh7 9. Be4 Bxe4 10. Nxe4 Nc6 11. c4 f6 12. Be3 Qe8 13. Rad1 f5 14. Nc3 g5 15. d5 f4 16. dxc6 fxe3 17. cxd7 exf2+ 18. Rxf2 Qh5 19. Nd4 Qh4 20. Nxe6 1-0

[Event "1st 4NCL International U2050"]
[Site "Telford"]
[Date "2018.11.01"]
[Round "2"]
[White "Gostelow, David W"]
[Black "Murphy, Ross"]
[Result "0-1"]
[ECO "A00"]
[WhiteElo "1892"]
[BlackElo "1652"]
[Annotator "NA"]
[PlyCount "68"]
[EventDate "2018.10.31"]
[EventType "swiss"]
[EventCountry "GBR"]
[SourceTitle "playchess.com"]
[Source "ChessBase"]
[SourceQuality "1"]
[TimeControl "5400+30"]

1. d4 Nf6 2. Bf4 g6 3. Nc3 d5 4. Nf3 Bg7 5. Ne5 c5 6. e3 cxd4 7. exd4 Nc6 8. Be2 O-O 9. Qd2 Bf5 10. O-O-O a5 11. f3 Nb4 12. Nd3 Qb6 13. a3 Nc6 14. Ne5 a4 15. g4 Be6 16. h4 Nd7 17. Nxd7 Bxd7 18. Nb5 Rfc8 19. h5 Ra5 20. hxg6 fxg6 21. Kb1 Rxb5 22. Bxb5 Qxb5 23. Qh2 h5 24. gxh5 Nxd4 25. hxg6 Rxc2 26. Qh7+ Kf8 27. Qxg7+ Kxg7 28. Be5+ Kxg6 29. Rdg1+ Kf7 30. Bxd4 Bf5 31. Ka1 Qc4 32. Be5 d4 33. f4 Rxb2 34. Kxb2 Qb3+ 0-1

[Event "1st 4NCL International U2050"]
[Site "Telford"]
[Date "2018.11.01"]
[Round "2"]
[White "Fallowfield, Nicholas"]
[Black "Gogia, Armaan"]
[Result "1-0"]
[ECO "A00"]
[WhiteElo "1883"]
[BlackElo "1808"]
[Annotator "NA"]
[PlyCount "137"]
[EventDate "2018.10.31"]
[EventType "swiss"]
[EventCountry "GBR"]
[SourceTitle "playchess.com"]
[Source "ChessBase"]
[SourceQuality "1"]
[TimeControl "5400+30"]

1. e4 c5 2. Nf3 d6 3. c3 Nf6 4. Be2 g6 5. O-O Bg7 6. Re1 O-O 7. Bf1 Nc6 8. h3 e5 9. d4 cxd4 10. cxd4 Nh5 11. d5 Ne7 12. Nc3 f5 13. exf5 Nxf5 14. Bg5 Nf6 15. Rc1 a6 16. Qb3 h6 17. Bxf6 Qxf6 18. Ne4 Qd8 19. Qb4 Kh8 20. Rc2 Ne7 21. Qxd6 Bf5 22. Rc7 Nxd5 23. Qxd8 Raxd8 24. Rxb7 Rb8 25. Rxb8 Rxb8 26. b3 Bf8 27. Nfd2 Bb4 28. Rc1 Rd8 29. g4 Nf4 30. gxf5 gxf5 31. Nc4 fxe4 32. Nxe5 Rd5 33. Ng4 Rg5 34. Kh1 h5 35. Nf6 Nd3 36. Rc8+ Kg7 37. Nxe4 Rd5 38. Bxd3 Rxd3 39. Kg2 a5 40. Rc6 Rd5 41. Ra6 Re5 42. f3 Rd5 43. Kf2 Rd3 44. Ke2 Rd5 45. Ke3 Rf5 46. f4 Ba3 47. Rc6 Bb4 48. Ng3 Rd5 49. Ke4 Rb5 50. f5 h4 51. Nh5+ Kf7 52. Rc7+ Kf8 53. Rd7 Bc3 54. Nf4 Rb4+ 55. Kf3 Ke8 56. Rh7 Rb5 57. Kg4 Bf6 58. Ne6 Rb4+ 59. Kh5 Be5 60. Kg6 Rb6 61. Rxh4 Ke7 62. Rh7+ Kd6 63. h4 Rb8 64. Ra7 Bc3 65. h5 Rg8+ 66. Ng7 Rf8 67. Rf7 Rh8 68. h6 Bd2 69. h7 1-0

[Event "1st 4NCL International U2050"]
[Site "Telford"]
[Date "2018.11.01"]
[Round "2"]
[White "Ali, Golam S"]
[Black "Potter, Steven"]
[Result "1-0"]
[ECO "A00"]
[WhiteElo "1859"]
[BlackElo "1771"]
[Annotator "NA"]
[PlyCount "111"]
[EventDate "2018.10.31"]
[EventType "swiss"]
[EventCountry "GBR"]
[SourceTitle "playchess.com"]
[Source "ChessBase"]
[SourceQuality "1"]
[TimeControl "5400+30"]

1. d4 b6 2. c4 e6 3. a3 Bb7 4. Nc3 g6 5. e4 Bg7 6. Nf3 d6 7. Bd3 Nd7 8. O-O Ne7 9. Bg5 O-O 10. Qd2 c5 11. Nb5 Nf6 12. e5 dxe5 13. dxe5 Ng4 14. Be2 f6 15. exf6 Qxd2 16. Nxd2 Nxf6 17. Nc7 Rac8 18. Nxe6 Rfe8 19. Nxg7 Kxg7 20. Bf3 Bxf3 21. Nxf3 h6 22. Bf4 Nc6 23. b4 Re4 24. Be3 cxb4 25. Nd2 Re7 26. Rfe1 bxa3 27. Rxa3 Rce8 28. h3 Kf7 29. Rb1 h5 30. c5 bxc5 31. Nc4 Re6 32. Bxc5 Re1+ 33. Rxe1 Rxe1+ 34. Kh2 Rc1 35. Ra4 Ke6 36. Be3 Rc2 37. Nd2 Nd5 38. Bg5 Kf5 39. h4 Nb6 40. Rf4+ Ke5 41. Nf3+ Kd5 42. Ne1 Re2 43. Nd3 a5 44. Rf6 Re8 45. Rxg6 a4 46. Nf4+ Kc5 47. Ne6+ Kc4 48. Nc7 Rb8 49. Rxc6+ Kb3 50. Na6 Ra8 51. Rxb6+ Kc2 52. Nb4+ Kb3 53. g4 a3 54. gxh5 a2 55. Nxa2+ Kxa2 56. h6 1-0

[Event "1st 4NCL International U2050"]
[Site "Telford"]
[Date "2018.11.01"]
[Round "2"]
[White "Walley, A Clive"]
[Black "Parry, Jacques H"]
[Result "0-1"]
[ECO "A00"]
[WhiteElo "1846"]
[BlackElo "1625"]
[Annotator "NA"]
[PlyCount "84"]
[EventDate "2018.10.31"]
[EventType "swiss"]
[EventCountry "GBR"]
[SourceTitle "playchess.com"]
[Source "ChessBase"]
[SourceQuality "1"]
[TimeControl "5400+30"]

1. e4 e5 2. Nf3 Nc6 3. Bb5 a6 4. Ba4 d6 5. O-O Bd7 6. c3 Nf6 7. Re1 g6 8. h3 Bg7 9. d4 O-O 10. Nbd2 Re8 11. d5 Ne7 12. Bc2 Nh5 13. Nf1 Rf8 14. Kh2 f5 15. exf5 gxf5 16. Ng1 Nf6 17. c4 Ng6 18. Ne2 Ne4 19. Bxe4 fxe4 20. Be3 Nf4 21. Nxf4 exf4 22. Bd4 Bxd4 23. Qxd4 Bf5 24. Nd2 Qh4 25. Nxe4 f3 26. Rg1 Qf4+ 27. Kh1 Bxe4 28. gxf3+ Bg6 29. Qd3 Qxf3+ 30. Qxf3 Rxf3 31. Kg2 Raf8 32. Raf1 Kh8 33. h4 Be4 34. Re1 Rxf2+ 35. Kh3 Bg6 36. Re7 R2f7 37. Rge1 Rxe7 38. Rxe7 Rf7 39. Re8+ Kg7 40. Rb8 b6 41. Rb7 Bb1 42. a3 Ba2 0-1

[Event "1st 4NCL International U2050"]
[Site "Telford"]
[Date "2018.11.01"]
[Round "2"]
[White "Zdanowski, Adrian"]
[Black "Truman, Richard G"]
[Result "1-0"]
[ECO "A00"]
[WhiteElo "1845"]
[BlackElo "1902"]
[Annotator "NA"]
[PlyCount "71"]
[EventDate "2018.10.31"]
[EventType "swiss"]
[EventCountry "GBR"]
[SourceTitle "playchess.com"]
[Source "ChessBase"]
[SourceQuality "1"]
[TimeControl "5400+30"]

1. d4 Nf6 2. Nf3 g6 3. c4 Bg7 4. Nc3 d5 5. cxd5 Nxd5 6. e4 Nxc3 7. bxc3 c5 8. Be3 Qa5 9. Qd2 Nc6 10. Rc1 cxd4 11. Nxd4 O-O 12. Nxc6 bxc6 13. c4 Qa3 14. Be2 Be6 15. O-O Rab8 16. Rb1 f5 17. Qc2 Be5 18. Rfd1 Rxb1 19. Rxb1 Qd6 20. h3 fxe4 21. Rd1 Qc7 22. Qa4 a5 23. Qc2 Rb8 24. Rb1 Kg7 25. g4 Bf7 26. Qxe4 Rxb1+ 27. Qxb1 Bh2+ 28. Kg2 Bf4 29. Qb2+ Be5 30. Qd2 c5 31. a4 Qc6+ 32. Kg1 Qb6 33. Bh6+ Kg8 34. Qd7 Qc7 35. Qb5 Be8 36. Qxe8# 1-0

[Event "1st 4NCL International U2050"]
[Site "Telford"]
[Date "2018.11.01"]
[Round "2"]
[White "Neatherway, A Philip"]
[Black "Ansari, Athar"]
[Result "0-1"]
[ECO "A00"]
[WhiteElo "1813"]
[BlackElo "1888"]
[Annotator "NA"]
[PlyCount "68"]
[EventDate "2018.10.31"]
[EventType "swiss"]
[EventCountry "GBR"]
[SourceTitle "playchess.com"]
[Source "ChessBase"]
[SourceQuality "1"]
[TimeControl "5400+30"]

1. e4 c5 2. Nf3 a6 3. c4 Nc6 4. d4 cxd4 5. Nxd4 e5 6. Nf5 Qc7 7. Nc3 g6 8. Ne3 Bb4 9. Bd2 Nge7 10. Ned5 Nxd5 11. Nxd5 Bxd2+ 12. Qxd2 Qd6 13. c5 Qb8 14. Nf6+ Kd8 15. Bc4 b5 16. Bd5 Bb7 17. Bxf7 Ke7 18. Qxd7+ Kxf6 19. Bd5 Nd8 20. c6 Bc8 21. c7 Bxd7 22. cxb8=Q Rxb8 23. O-O Be6 24. Rad1 Nb7 25. Bxb7 Rxb7 26. Rd6 a5 27. Rfd1 Ke7 28. b3 Rc8 29. Kf1 Rc2 30. R6d2 Rbc7 31. Ke2 a4 32. bxa4 bxa4 33. a3 Rxd2+ 34. Rxd2 Rc3 0-1

[Event "1st 4NCL International U2050"]
[Site "Telford"]
[Date "2018.11.01"]
[Round "2"]
[White "Ward, Andy"]
[Black "De Coverly, Roger D"]
[Result "0-1"]
[ECO "A00"]
[WhiteElo "1790"]
[BlackElo "1946"]
[Annotator "NA"]
[PlyCount "76"]
[EventDate "2018.10.31"]
[EventType "swiss"]
[EventCountry "GBR"]
[SourceTitle "playchess.com"]
[Source "ChessBase"]
[SourceQuality "1"]
[TimeControl "5400+30"]

1. e4 e5 2. Qh5 Nc6 3. Bc4 g6 4. Qf3 Nf6 5. Ne2 Bg7 6. Nbc3 O-O 7. d3 Nd4 8. Nxd4 exd4 9. Ne2 d5 10. Bxd5 Bg4 11. Qg3 Bxe2 12. Kxe2 Nxd5 13. exd5 Qxd5 14. Bd2 Rfe8+ 15. Kd1 c5 16. Re1 Rxe1+ 17. Kxe1 c4 18. Kf1 c3 19. bxc3 dxc3 20. Be3 Be5 21. Qf3 Qxf3 22. gxf3 b5 23. f4 Bf6 24. Rb1 a6 25. Rb3 Rd8 26. Ke2 Rd5 27. Kf3 a5 28. a4 b4 29. Rb1 Kf8 30. Re1 Be7 31. Bb6 Ke8 32. Re5 Rxe5 33. fxe5 b3 34. cxb3 c2 35. Be3 Ba3 36. b4 axb4 37. a5 Kd7 38. a6 Kc8 0-1

[Event "1st 4NCL International U2050"]
[Site "Telford"]
[Date "2018.11.01"]
[Round "2"]
[White "Gorgun, Aliriza Atif"]
[Black "Benson, Paul J"]
[Result "1-0"]
[ECO "A00"]
[WhiteElo "1739"]
[BlackElo "1912"]
[Annotator "NA"]
[PlyCount "69"]
[EventDate "2018.10.31"]
[EventType "swiss"]
[EventCountry "GBR"]
[SourceTitle "playchess.com"]
[Source "ChessBase"]
[SourceQuality "1"]
[TimeControl "5400+30"]

1. e4 c5 2. Nf3 g6 3. d4 cxd4 4. Qxd4 Nf6 5. e5 Nc6 6. Qa4 Nd5 7. Qe4 Nb6 8. Bf4 Bg7 9. Nc3 d5 10. exd6 O-O 11. dxe7 Nxe7 12. Be5 Bxe5 13. Qxe5 Nc6 14. Qg3 Bf5 15. Be2 Bxc2 16. O-O Qb8 17. Qh4 Kg7 18. Rac1 Bf5 19. g4 Be6 20. g5 f5 21. Rfe1 Bf7 22. Bd3 Re8 23. Nd4 Nxd4 24. Qxd4+ Kg8 25. Bb5 Rd8 26. Qh4 Qd6 27. Re3 Qf8 28. Rce1 a6 29. Bf1 Re8 30. Bg2 Rxe3 31. Rxe3 Nc4 32. Rh3 Qg7 33. Nd5 Nxb2 34. Nf6+ Kf8 35. Qb4# 1-0